 Dungeon Crawl Stone Soup version 0.31-a0-149-g3fdcc5976a (webtiles) character file.

Game seed: 14938998788631763862

4066 qw the Skirmisher (level 10, -19/88 HPs)
             Began as a Minotaur Hunter on June 7, 2023.
             Was a Believer of Okawaru.
             Demolished by a komodo dragon (22 damage)
             ... on level 8 of the Dungeon.
             The game lasted 00:02:30 (6870 turns).

qw the Skirmisher (Minotaur Hunter)                 Turns: 6870, Time: 00:02:30

Health: -19/88     AC: 14    Str: 18    XL:     10   Next: 5%
Magic:  9/12       EV: 16    Int:  6    God:    Okawaru [**....]
Gold:   125        SH:  0    Dex: 17    Spells: 9/9 levels left

rFire   . . .        Y - +0 orcbow
rCold   + + .        (shield currently unavailable)
rNeg    . . .        d - +2 ring mail of the Kangaroo {rC++ Will+ Str-5}
rPois   .            (helmet restricted)
rElec   .            (no cloak)
rCorr   .            k - +2 pair of gloves
SInv    .            j - +0 pair of boots
Will    +....        (no amulet)
Stlth   +++          e - +6 ring of strength
HPRegen 0.34/turn    (no ring)
MPRegen 0.13/turn

%: no passive effects
@: mighty, about to teleport, heroic
A: horns 2, retaliatory headbutt
a: Renounce Religion, Heroism


You were on level 8 of the Dungeon.
You worshipped Okawaru.
Okawaru was pleased with you.
You visited 1 branch of the dungeon, and saw 8 of its levels.

You collected 411 gold pieces.
You spent 286 gold pieces at shops.


Innate Abilities, Weirdness & Mutations

You have a pair of horns on your head.
You reflexively headbutt those who attack you in melee.


   Skills:
 - Level 8.0(13.0) Fighting
 + Level 12.1(17.1) Ranged Weapons
 - Level 5.7(10.7) Armour
 - Level 5.1(10.1) Dodging
 - Level 0.7(5.7) Stealth
 - Level 4.1 Invocations


You had 9 spell levels left.
You didn't know any spells.
Your spell library was empty.

Inventory:

Hand Weapons
 Y - a +0 orcbow (weapon)
Armour
 c - the +5 ring mail "Iziaf" {rElec rN+}
   (You bought it in a shop on level 5 of the Dungeon)

   rElec:     It insulates you from electricity.
   rN:        It protects you from negative energy.
 d - the +2 ring mail of the Kangaroo (worn) {rC++ Will+ Str-5}
   (You found it on level 3 of the Dungeon)

   Str:       It affects your strength (-5).
   rC:        It greatly protects you from cold.
   Will:      It increases your willpower.
 j - a +0 pair of boots (worn)
 k - a +2 pair of gloves (worn)
Jewellery
 e - a +6 ring of strength (left hand)
 h - a ring of ice
Scrolls
 a - a scroll of identify
 b - 5 scrolls of teleportation
Potions
 f - 3 potions of mutation
 g - a potion of cancellation
 i - 4 potions of curing
 m - a potion of resistance
 n - a potion of ambrosia {unknown}

Dungeon Overview and Level Annotations

Branches:
Dungeon (8/15)             Temple (0/1) D:7
   Lair: D:8-11

Altars:
Dithmenos
Gozag
Okawaru
Qazlal
Ru
Uskayaw
Wu Jian

Shops:
D:5 :[   D:6 !

Annotations:
D:8 Psyche


Message History

The bullfrog barely misses you. The bullfrog closely misses you.
You furiously retaliate!
You headbutt the bullfrog!!
You kill the bullfrog!
Okawaru accepts your kill.
You shoot an arrow. The arrow hits the slime creature.
The slime creature is almost dead.
The slime creature hits you but does no damage.
You shoot an arrow.
The arrow barely misses the slime creature.
You feel like a meek peon again. The komodo dragon bites you!!
The slime creature hits you.
You hear some strange, mumbled words.
A swirling arc of seething chaos appears!
An arc of chaos appears from out of thin air!
The arc of chaos hits the slime creature.
The slime creature dies!
The arc of chaos hits you.
6868 ||| READING 6 scrolls of teleportation.
As you read the scroll of teleportation, it crumbles to dust.
You feel strangely unstable.
You hear some strange, mumbled words.
A swirling arc of seething chaos appears!
An arc of chaos appears from out of thin air!
The arc of chaos hits you but does no damage.
You resist.
The arc of chaos hits the komodo dragon.
The komodo dragon suddenly seems more agile.
The komodo dragon bites you!!
6869 ||| INVOKING Heroism.
You gain the combat prowess of a mighty hero.
The komodo dragon barely misses you. You furiously retaliate!
You headbutt the komodo dragon! You shoot an arrow.
The arrow completely misses the komodo dragon.
You hear some strange, mumbled words.
A swirling arc of seething chaos appears!
An arc of chaos appears from out of thin air!
The arc of chaos hits you but does no damage.
The komodo dragon bites you!!
You die...

...#
#....'..##..#
...#
#....#####..#
#### #.####
##.# #.# #.#
#.#########.##
#.............
###########.##
##########
#...
#<@{......
#/!.
#.)l......
###.
#..####.## #.
#..#.c ##
#..#... ####
#..#..)$= #...
#..# .$:$ #.##
#..# .$$! #.#
#.#


You could see a komodo dragon (agile).

Vanquished Creatures
  A centaur warrior (D:8)
  Sigmund (D:4)
  4 yaks (D:8)
  A steam dragon (D:8)
  Menkaure (D:6)
  2 water moccasins (D:7)
  An ice beast (D:8)
  A black bear (D:4)
  A sky beast (D:7)
  3 ogres
  3 centaurs
  A phantom (D:4)
  2 bullfrogs (D:8)
  A gnoll sergeant (D:8)
  5 scorpions
  5 killer bees (D:8)
  3 howler monkeys (D:7)
  3 hounds (D:6)
  An orc priest (D:3)
  A gnoll bouda (D:6)
  4 iguanas
  11 gnolls
  13 adders
  A white imp (D:6)
  An ufetubus (D:6)
  7 dart slugs
  17 orcs
  9 ball pythons
  6 bats
  3 endoplasms (D:1)
  4 giant cockroaches
  8 hobgoblins
  7 jackals
  3 quokkas
  5 frilled lizards
  4 goblins
  2 kobolds
  7 rats
153 creatures vanquished.

Vanquished Creatures (others)
  A slime creature (D:8)
1 creature vanquished.

Grand Total: 154 creatures vanquished

Notes
Turn   | Place    | Note
-------+----------+-------------------------------------------
     0 | D:1      | qw the Minotaur Hunter began the quest for the Orb.
     0 | D:1      | Reached XP level 1. HP: 18/18 MP: 0/0
     0 | D:1      | 0 ||| qw: Version: 0.2-a-117-gc6b5c8b
     0 | D:1      | 0 ||| qw: Game counter: 2661
     0 | D:1      | 0 ||| qw: Always use a shield: true
     0 | D:1      | 0 ||| qw: God list: Okawaru
     0 | D:1      | 0 ||| qw: Allow faded altars: false
     0 | D:1      | 0 ||| qw: Do Orc after D:15 true
     0 | D:1      | 0 ||| qw: Do second Lair branch before Depths: true
     0 | D:1      | 0 ||| qw: Lair rune preference: random
     0 | D:1      | 0 ||| qw: Plans: Normal
     0 | D:1      | 0 ||| PLANNING D:1-11
   121 | D:1      | Reached skill level 5 in Ranged Weapons
   121 | D:1      | Reached XP level 2. HP: 25/25 MP: 1/1
   221 | D:1      | Reached skill level 3 in Fighting
   316 | D:1      | Reached XP level 3. HP: 31/31 MP: 2/2
   868 | D:1      | 868 ||| UPGRADING to +6 ring of strength.
   869 | D:1      | 869 ||| READING 2 scrolls labelled ESYALL IDATZA.
   870 | D:1      | 870 ||| READING 2 scrolls labelled CEIRIB TOMAS.
   871 | D:1      | 871 ||| READING scroll labelled IBOIRPH ICKEI.
   872 | D:1      | 872 ||| DRINKING 2 purple potions.
   873 | D:1      | 873 ||| DROPPING scroll of butterflies.
   874 | D:1      | 874 ||| DROPPING scroll of vulnerability.
  1054 | D:2      | Reached skill level 6 in Ranged Weapons
  1054 | D:2      | Reached XP level 4. HP: 28/38 MP: 3/3
  1404 | D:2      | 1404 ||| FLEEEEING.
  1405 | D:2      | 1405 ||| FLEEEEING.
  1406 | D:2      | 1406 ||| FLEEEEING.
  1862 | D:2      | 1862 ||| UPGRADING to +0 pair of boots.
  1867 | D:2      | 1867 ||| READING 2 scrolls labelled HIZXOT MERGH.
  1870 | D:2      | 1870 ||| READING 2 scrolls labelled VERUAG ZYFUDU.
  1871 | D:2      | 1871 ||| READING scroll of enchant weapon.
  1871 | D:2      | 1871 ||| ENCHANTING +1 shortbow.
  1872 | D:2      | 1872 ||| READING scroll labelled VYSU XOCRIUBBO.
  1873 | D:2      | 1873 ||| READING scroll labelled FISUASARIH.
  1874 | D:2      | 1874 ||| READING 3 scrolls of identify.
  1874 | D:2      | 1874 ||| IDENTIFYING lumpy sapphire potion
  1875 | D:2      | 1875 ||| DROPPING potion of lignification.
  1936 | D:3      | Found an ornate altar of the Wu Jian Council.
  2029 | D:3      | 2029 ||| FLEEEEING.
  2030 | D:3      | 2030 ||| FLEEEEING.
  2031 | D:3      | 2031 ||| FLEEEEING.
  2032 | D:3      | 2032 ||| FLEEEEING.
  2033 | D:3      | 2033 ||| FLEEEEING.
  2034 | D:3      | 2034 ||| FLEEEEING.
  2035 | D:3      | 2035 ||| FLEEEEING.
  2036 | D:3      | 2036 ||| FLEEEEING.
  2037 | D:3      | 2037 ||| FLEEEEING.
  2038 | D:3      | 2038 ||| FLEEEEING.
  2039 | D:3      | 2039 ||| FLEEEEING.
  2040 | D:3      | 2040 ||| FLEEEEING.
  2042 | D:3      | 2042 ||| FLEEEEING.
  2043 | D:3      | 2043 ||| FLEEEEING.
  2045 | D:3      | 2045 ||| FLEEEEING.
  2046 | D:3      | 2046 ||| FLEEEEING.
  2047 | D:3      | 2047 ||| FLEEEEING.
  2048 | D:3      | 2048 ||| FLEEEEING.
  2049 | D:3      | 2049 ||| FLEEEEING.
  2050 | D:3      | 2050 ||| FLEEEEING.
  2051 | D:3      | 2051 ||| FLEEEEING.
  2052 | D:3      | 2052 ||| FLEEEEING.
  2053 | D:3      | 2053 ||| STAIRDANCE
  2072 | D:2      | 2072 ||| READING scroll labelled FEGRUSEOSI.
  2083 | D:3      | Reached XP level 5. HP: 40/46 MP: 4/4
  2138 | D:3      | 2138 ||| READING scroll of enchant weapon.
  2138 | D:3      | 2138 ||| ENCHANTING +2 shortbow of draining.
  2159 | D:3      | Identified the +2 ring mail of the Kangaroo {rC++ Will+
                  | Str-5}
  2417 | D:3      | Found an iron altar of Okawaru.
  2446 | D:3      | 2446 ||| PLANNING OKAWARU WORSHIP
  2446 | D:3      | 2446 ||| UPGRADING to +2 ring mail of the Kangaroo {rC++
                  | Will+ Str-5}.
  2456 | D:3      | 2456 ||| DROPPING +0 leather armour.
  2457 | D:3      | 2457 ||| DROPPING amulet of magic regeneration.
  2467 | D:3      | Became a worshipper of Warmaster Okawaru
  2467 | D:3      | 2467 ||| PLANNING D:1-11
  2576 | D:4      | Noticed a black bear
  2578 | D:4      | Killed a black bear
  2579 | D:4      | Reached skill level 7 in Ranged Weapons
  2579 | D:4      | Reached XP level 6. HP: 52/52 MP: 5/5
  2655 | D:4      | Found a sacrificial altar of Ru.
  2723 | D:4      | Reached * piety under Okawaru
  2841 | D:4      | Reached skill level 1 in Invocations
  2883 | D:4      | 2883 ||| INVOKING Heroism.
  2888 | D:4      | Reached skill level 8 in Ranged Weapons
  2888 | D:4      | Reached XP level 7. HP: 59/59 MP: 3/7
  3003 | D:4      | Noticed Sigmund
  3004 | D:4      | 3004 ||| INVOKING Heroism.
  3006 | D:4      | Killed Sigmund
  3007 | D:4      | Reached skill level 3 in Invocations
  3257 | D:4      | 3257 ||| READING scroll labelled CAH XUSUBAANA.
  3258 | D:4      | 3258 ||| READING 2 scrolls of identify.
  3258 | D:4      | 3258 ||| IDENTIFYING coppery potion
  3294 | D:5      | Entered Level 5 of the Dungeon
  3294 | D:5      | Found Viutarri's Antique Armour Shop.
  3307 | D:5      | 3307 ||| BUYING ancient ring mail (198 gold).
  3307 | D:5      | Bought an ancient ring mail for 198 gold pieces
  3307 | D:5      | Identified the +5 ring mail "Iziaf" {rElec rN+} (You bought
                  | it in a shop on level 5 of the Dungeon)
  3307 | D:5      | 3307 ||| SHOPLISTING pair of gloves (99 gold, have 47).
  3307 | D:5      | 3307 ||| SHOPLISTING shiny ring mail (154 gold, have 47).
  3327 | D:5      | 3327 ||| INVOKING Heroism.
  3383 | D:5      | Found a shadowy altar of Dithmenos.
  3435 | D:5      | Found Jepp's Vocational Training.
  3443 | D:5      | 3443 ||| UPGRADING to +1 pair of gloves.
  3479 | D:5      | Reached XP level 8. HP: 68/68 MP: 10/10
  3738 | D:5      | 3738 ||| READING 3 scrolls of identify.
  3738 | D:5      | 3738 ||| IDENTIFYING emerald potion
  3739 | D:5      | 3739 ||| READING 2 scrolls of identify.
  3739 | D:5      | 3739 ||| IDENTIFYING red potion
  3740 | D:5      | 3740 ||| DROPPING potion of brilliance.
  3756 | D:6      | Reached skill level 9 in Ranged Weapons
  3913 | D:6      | Noticed Menkaure
  3914 | D:6      | 3914 ||| INVOKING Heroism.
  3920 | D:6      | Killed Menkaure
  3921 | D:6      | Reached skill level 3 in Dodging
  3924 | D:6      | Reached ** piety under Okawaru
  3934 | D:6      | Found Itaudd's Distillery.
  3942 | D:6      | 3942 ||| SHOPLISTING 2 potions of haste (220 gold, have
                  | 102).
  3942 | D:6      | 3942 ||| SHOPLISTING 2 potions of heal wounds (110 gold,
                  | have 102).
  3942 | D:6      | 3942 ||| BUYING potion of mutation (88 gold).
  3942 | D:6      | Bought a potion of mutation for 88 gold pieces
  4368 | D:6      | 4368 ||| INVOKING Heroism.
  4376 | D:6      | Reached skill level 6 in Fighting
  4541 | D:6      | 4541 ||| DROPPING +6 ring of intelligence.
  4542 | D:6      | 4542 ||| READING scroll labelled QUQYUC MOYNEERAW.
  4543 | D:6      | 4543 ||| READING 3 scrolls of identify.
  4543 | D:6      | 4543 ||| IDENTIFYING grey potion
  4680 | D:7      | 4680 ||| SWAPPING to +0 orcbow.
  4683 | D:7      | 4683 ||| DROPPING +3 shortbow of draining.
  4719 | D:7      | 4719 ||| INVOKING Heroism.
  4898 | D:7      | Found a staircase to the Ecumenical Temple.
  5022 | D:7      | Found an opulent altar of Gozag.
  5024 | D:7      | Found a hide-covered altar of Uskayaw.
  5024 | D:7      | Found a stormy altar of Qazlal.
  5070 | D:7      | 5070 ||| INVOKING Heroism.
  5072 | D:7      | Reached skill level 10 in Ranged Weapons
  5160 | D:7      | Reached skill level 3 in Armour
  5422 | D:7      | 5422 ||| INVOKING Heroism.
  5428 | D:7      | Reached XP level 9. HP: 45/79 MP: 8/11
  5798 | D:7      | 5798 ||| DROPPING amulet of guardian spirit.
  5799 | D:7      | 5799 ||| READING scroll labelled TUIRPHU WOLAZUTH.
  5884 | D:8      | 5884 ||| READING scroll of enchant armour.
  5884 | D:8      | 5884 ||| ENCHANTING +1 pair of gloves.
  5920 | D:8      | Found a flagged portal.
  5934 | D:8      | 5934 ||| INVOKING Heroism.
  5940 | D:8      | Reached skill level 11 in Ranged Weapons
  5948 | D:8      | HP: 17/79 [yak (5)]
  5949 | D:8      | 5949 ||| READING 7 scrolls of teleportation.
  5949 | D:8      | HP: 8/79 [yak (9)]
  5972 | D:8      | 5972 ||| INVOKING Heroism.
  6413 | D:8      | 6413 ||| INVOKING Heroism.
  6414 | D:8      | 6414 ||| Stepping ~*~*~tactically~*~*~ (cloud).
  6418 | D:8      | 6418 ||| Stepping ~*~*~tactically~*~*~ (cloud).
  6493 | D:8      | Reached skill level 12 in Ranged Weapons
  6498 | D:8      | 6498 ||| INVOKING Heroism.
  6677 | D:8      | Noticed a troll
  6677 | D:8      | Noticed a boulder beetle
  6817 | D:8      | 6817 ||| READING 2 scrolls of identify.
  6817 | D:8      | 6817 ||| IDENTIFYING black potion
  6818 | D:8      | 6818 ||| DROPPING potion of attraction.
  6837 | D:8      | Noticed a centaur warrior
  6839 | D:8      | Noticed Psyche
  6840 | D:8      | 6840 ||| INVOKING Heroism.
  6843 | D:8      | Noticed a komodo dragon
  6849 | D:8      | Killed a centaur warrior
  6850 | D:8      | Reached XP level 10. HP: 72/88 MP: 9/12
  6867 | D:8      | HP: 21/88 [something/chain of chaos (2)]
  6868 | D:8      | 6868 ||| READING 6 scrolls of teleportation.
  6868 | D:8      | HP: 3/88 [komodo dragon (19)]
  6869 | D:8      | 6869 ||| INVOKING Heroism.
  6870 | D:8      | Demolished by a komodo dragon

Levels and vault maps discovered:
D:1:      lightli_arrival_isolated_outpost, layout_basic, nicolae_grassy_gnolls
D:2:      layout_loops_corners, minmay_misc_feat_square
D:3:      layout_loops_cross, old_standard_altar, amcnicky_altar_gilded
D:4:      layout_loops_ring, mainiacjoe_overflow_paths, uniq_sigmund
D:5:      layout_rooms, mainiacjoe_overflow_tiny_flanked, serial_shops,
          nicolae_shop_waterfront, nicolae_shop_vocational
D:6:      layout_basic, serial_shops, nicolae_shop_tiny_waterfront,
          uniq_menkaure
D:7:      layout_basic, gammafunk_temple_overflow_claw, temple_fountains,
          nicolae_concentric_dashed_squares_wild
D:8:      cheibrodos_elevator_heist, layout_basic, enter_bailey_2,
          lightli_corner_chamber, uniq_psyche

Skill      XL: |  1  2  3  4  5  6  7  8  9 |
---------------+----------------------------+-----
Ranged Weapons | 5 6 7 8 10 12 | 12.1
Fighting       | 3 4 5 7 8 |  8.0
Armour         | 2 3 5 |  5.7
Invocations    | 1 4 |  4.1
Dodging        | 3 5 |  5.1
Stealth        | |  0.7

Action                     |  1- 3 |  4- 6 |  7- 9 | 10-12 || total
---------------------------+-------+-------+-------+-------++-------
   Fire: Shortbow          |   105 |   105 |   117 |       ||   327
         Orcbow            |       |       |   199 |    19 ||   218
 Invoke: Heroism           |       |     1 |    12 |     1 ||    14
    Use: Scroll            |     3 |     8 |    10 |     1 ||    22
         Potion            |     1 |       |       |       ||     1
 Armour: Leather armour    |     2 |     5 |       |       ||     7
         Ring mail         |       |     6 |    77 |     9 ||    92
  Dodge: Dodged            |    20 |    15 |   116 |     9 ||   160

Table legend:
 A = Non-vault XP
 B = Vault XP
 C = Vault XP percentage of total XP
 D = Non-vault monster count
 E = Vault monster count
 F = Vault count percentage of total count
                 A         B        C        D         E       F
            +---------+---------+-------+---------+---------+-------
      Total |    4394 |    1415 |  24.4 |     148 |       6 |   3.9
            +---------+---------+-------+---------+---------+-------
        D:1 |      62 |      14 |  18.4 |      34 |       1 |   2.9
        D:2 |      68 |       0 |   0.0 |      18 |       0 |   0.0
        D:3 |      75 |       0 |   0.0 |      12 |       0 |   0.0
        D:4 |     583 |     226 |  27.9 |      20 |       1 |   4.8
        D:5 |     433 |       0 |   0.0 |      10 |       0 |   0.0
        D:6 |     347 |     157 |  31.2 |      16 |       1 |   5.9
        D:7 |    1038 |       0 |   0.0 |      16 |       0 |   0.0
        D:8 |    1788 |    1018 |  36.3 |      22 |       3 |  12.0
            +---------+---------+-------+---------+---------+-------
